 Dungeon Crawl Stone Soup version 0.24-a0-275-g6f7e2cb (webtiles) character file.

Game seed: 12954555663536655462

31 tilp the Chopper (level 3, -4/43 HPs)
             Began as a Demonspawn Chaos Knight on Apr 28, 2019.
             Was a Plaything of Xom.
             Slain by an acid dragon (6 damage)
             ... on level 2 of the Dungeon.
             The game lasted 00:02:25 (1023 turns).

tilp the Chopper (Demonspawn Chaos Knight)          Turns: 1023, Time: 00:02:26

Health: -4/43      AC:  1    Str: 18    XL:     3   Next: 7%
Magic:  3/3        EV: 11    Int: 13    God:    Xom [..*...]
Gold:   35         SH:  0    Dex: 12    Spells: 2/2 levels left

rFire    . . .     SeeInvis .   a - +0 hand axe (chaos)
rCold    . . .     Gourm    .   (no shield)
rNeg     . . .     Faith    .   b - +2 leather armour
rPois    .         Spirit   .   (helmet restricted)
rElec    .         Reflect  .   (no cloak)
rCorr    .         Harm     .   (no gloves)
MR       .....                  (no boots)
Stlth    ..........             (no amulet)
HPRegen  0.14/turn              (no ring)
MPRegen  0.08/turn              (no ring)

@: berserking, corroded, very quick
A: horns 1
a: Renounce Religion


You were on level 2 of the Dungeon.
You worshipped Xom.
You were a toy of Xom.
You were not hungry.

You visited 1 branch of the dungeon, and saw 2 of its levels.

You collected 35 gold pieces.

Inventory:

Hand Weapons
 a - a +0 hand axe of chaos (weapon)
 g - a +1 hand axe of pain
Missiles
 l - 12 stones (quivered)
Armour
 b - a +2 leather armour (worn)
Scrolls
 d - a scroll of remove curse {unknown}
 e - 6 scrolls of magic mapping {unknown}
 f - a scroll of amnesia {unknown}
 h - a scroll of enchant armour {unknown}
 k - a scroll of teleportation {unknown}
Potions
 i - a potion of curing {unknown}
Comestibles
 c - 5 rations
 j - 7 chunks of flesh


   Skills:
 + Level 3.4 Fighting
 * Level 3.5 Axes
 - Level 1.7 Armour
 - Level 0.8 Dodging


You had 2 spell levels left.
You didn't know any spells.
Your spell library was empty.

Dungeon Overview and Level Annotations

Branches:
Dungeon (2/15)

Altars:


Innate Abilities, Weirdness & Mutations

You have a pair of small horns on your head.


Message History

The bullfrog hits you but does no damage.
The bullfrog hits you.
You hit the bullfrog but do no damage.
The bullfrog is lightly wounded. "Hum-dee-hum-dee-hum..."
The bullfrog evaporates and reforms as an acid dragon!
You are now a toy of Xom.
The acid dragon spits acid at you. The splash of acid hits you!
The acid corrodes you!
You are splashed with acid!
* * * LOW HITPOINT WARNING * * *
You hit the acid dragon but do no damage.
The acid dragon is lightly wounded.
The acid dragon barely misses you. The acid dragon claws you.
* * * LOW HITPOINT WARNING * * *
Unknown command.
It was a potion of berserk rage.
A red film seems to cover your vision as you go berserk!
You feel yourself moving faster!
You feel mighty! The acid dragon bites you.
You die...
Xom chortles!

.. ##. ### ... ...#
.##.##.#
.##.##.#######
.......#..)..#####
..###..#.###.#.'.# #
..# #..#.###.#.#D#.#
.[###..........#@..#
........#.##.#######
##..###...##.##<#
##..#####.##.##.#
......# #.....<.#
#....(# ####.####
#.....# #รท# #.....#
###.##### #.....#
#.......#


You could see an acid dragon.

Vanquished Creatures
  An ooze (D:1)
  A dart slug (D:1)
  A leopard gecko (D:1)
  3 orcs (D:2)
  2 bats
  3 giant cockroaches (D:1)
  3 goblins
  A hobgoblin (D:2)
  A quokka (D:2)
  A kobold (D:1)
  2 rats (D:1)
19 creatures vanquished.

Notes
Turn   | Place    | Note
-------+----------+-------------------------------------------
     0 | D:1      | tilp the Demonspawn Chaos Knight began the quest for the
                  | Orb.
     0 | D:1      | Reached XP level 1. HP: 18/18 MP: 1/1
   339 | D:1      | Gained mutation: You have a pair of small horns on your
                  | head. [demonic ancestry]
   339 | D:1      | Reached XP level 2. HP: 21/24 MP: 2/2
   424 | D:1      | XOM: divination: detect items
   971 | D:2      | XOM: blink monster(s)
   972 | D:2      | Reached XP level 3. HP: 29/29 MP: 3/3
   980 | D:2      | XOM: confuse monster(s)
   983 | D:2      | Noticed a bullfrog
   983 | D:2      | an orc wizard changed into a bullfrog
   984 | D:2      | XOM: enchant monster (good)
  1021 | D:2      | Noticed an acid dragon
  1021 | D:2      | a bullfrog changed into an acid dragon
  1021 | D:2      | XOM: polymorph bullfrog -> acid dragon
  1022 | D:2      | HP: 1/29 [acid dragon (2)]
  1023 | D:2      | Slain by an acid dragon

Levels and vault maps discovered:
D:1:      elethiomel_arrival_maze, layout_loops_ring
D:2:      minmay_chambers_of_ones, layout_loops_cross

Skill      XL: |  1 |
---------------+----+-----
Axes           | 3 |  3.5
Fighting       | |  3.4
Armour         | |  1.7
Dodging        | |  0.8

Action                   || total
-------------------------++-------
Melee: Hand axe          ||    50
       Headbutt          ||     4
  Use: Potion            ||     1
Armor: Leather armour    ||    26
Dodge: Dodged            ||    28

Table legend:
 A = Non-vault XP
 B = Vault XP
 C = Vault XP percentage of total XP
 D = Non-vault monster count
 E = Vault monster count
 F = Vault count percentage of total count
                 A         B        C        D         E       F
            +---------+---------+-------+---------+---------+-------
      Total |      44 |       1 |   2.2 |      18 |       1 |   5.3
            +---------+---------+-------+---------+---------+-------
        D:1 |      29 |       0 |   0.0 |      12 |       0 |   0.0
        D:2 |      15 |       1 |   6.2 |       6 |       1 |  14.3
            +---------+---------+-------+---------+---------+-------
